 Dungeon Crawl Stone Soup version 0.29-a0-275-g389c0b56f3 (webtiles) character file.

Game seed: 11449668993076350031

408 Dabor the Skirmisher (level 6, -2/54 HPs)
             Began as a Palentonga Berserker on Mar 12, 2022.
             Was a Believer of Trog.
             Slain by a gnoll
             ... wielding a +0 halberd
              (7 damage)
             ... on level 4 of the Dungeon.
             The game lasted 00:05:24 (2910 turns).

Dabor the Skirmisher (Palentonga Berserker)         Turns: 2910, Time: 00:05:25

Health: -2/54      AC:  6    Str: 22    XL:     6   Next: 57%
Magic:  6/6        EV:  9    Int:  7    God:    Trog [**....]
Gold:   238        SH:  0    Dex: 10    Spells: 5/5 levels left

rFire   . . .      SeeInvis +   a - +0 hand axe
rCold   . . .      Faith    .   (no shield)
rNeg    . . .      Spirit   .   g - +0 ring mail
rPois   .          Reflect  .   (no helmet)
rElec   .          Harm     .   (no cloak)
rCorr   .          Rampage  .   (no gloves)
Will    .....                   (no barding)
Stlth   ..........              (no amulet)
HPRegen 0.18/turn               (no ring)
MPRegen 0.10/turn               (no ring)

@: on berserk cooldown, slowed, very slow
A: large, rugged brown scales 3, see invisible, deformed body, roll 1, armoured
tail
a: Rolling Charge, Renounce Religion, Berserk, Trog's Hand


You were on level 4 of the Dungeon.
You worshipped Trog.
Trog was pleased with you.
You visited 1 branch of the dungeon, and saw 4 of its levels.

You collected 238 gold pieces.

Inventory:

Hand Weapons
 a - a +0 hand axe (weapon)
Missiles
 c - 5 curare-tipped darts
Armour
 b - a +0 animal skin
 g - a +0 ring mail (worn)
Jewellery
 j - an amulet of guardian spirit
Scrolls
 d - 2 scrolls of immolation
 e - 2 scrolls of magic mapping
 i - a scroll of enchant armour
 k - 2 scrolls of amnesia
 m - a scroll of fog
Potions
 f - a potion of haste {unknown}
 h - a potion of curing
 l - 2 potions of ambrosia {unknown}
 n - a potion of degeneration {unknown}
 o - a potion of might {unknown}
 p - 2 potions of lignification {unknown}
 q - a potion of berserk rage {unknown}


   Skills:
 * Level 5.0 Fighting
 * Level 4.8 Axes
 + Level 2.7 Armour
 + Level 2.8 Dodging


You had 5 spell levels left.
You didn't know any spells.
Your spell library was empty.

Dungeon Overview and Level Annotations

Branches:
Dungeon (4/15)
 Temple: D:4-7

Altars:
Gozag

Shops:
D:3 *


Innate Abilities, Weirdness & Mutations

You are completely covered in rugged brown scales. (AC +3, +7% HP)
You have supernaturally acute eyesight. (SInv)
Armour fits poorly on your strangely shaped body.
You can roll at nearby foes to attack.
You have a long armoured tail.


Message History

The gnoll hits you with a +0 spear.
The orc wizard hits you with a +0 dagger.
The gnoll barely misses you.
You closely miss the gnoll.
The gnoll is heavily wounded.
You closely miss the orc wizard.
You feel the effects of Trog's Hand fading.
The gnoll hits you with a +0 spear. The gnoll completely misses you.
The orc wizard barely misses you.
You slash the orc wizard!
The orc wizard is severely wounded.
You hit the gnoll. You closely miss the kobold.
The gnoll hits you with a +0 spear.
The gnoll hits you from afar with a +0 halberd!
The orc wizard hits you with a +0 dagger.
The kobold unwields a +0 hand crossbow.
The kobold wields a +0 short sword.
The kobold closely misses you. The gnoll barely misses you.
The orc wizard barely misses you.
The gnoll hits you from afar with a +0 halberd.
* * * LOW HITPOINT WARNING * * *
The kobold hits you but does no damage. The kobold attacks as you move away!
The kobold closely misses you. The gnoll hits you but does no damage.
The orc wizard hits you with a +0 dagger.
* * * LOW HITPOINT WARNING * * *
You slash the orc wizard!
You kill the orc wizard!
Trog accepts your kill.
Trog appreciates your killing of a magic user.
Your skin stops crawling.
You feel less strong-willed.
The gnoll hits you from afar with a +0 halberd!
* * * LOW HITPOINT WARNING * * *
The kobold hits you but does no damage.
Your Fighting skill increases to level 5!
You feel better.
The gnoll hits you from afar with a +0 halberd.
* * * LOW HITPOINT WARNING * * *
The kobold barely misses you.
The gnoll hits you from afar with a +0 halberd!
You die...

##.#####.....###
####....#
...#####.#...#
#.....#.#
#......#.#.#.#
#.....#.#
#+####.#.#.#.#
#.....# .
.......#.#.# #
#.....# #
...#####.#..
#.....# ...# #.#
#.....# ...#
######.....#
...#
#.?.@Kg....#
...#
#.####g....#
...#
#.#.....####
<..# #..gg#..#
...# #.###Ko#.##
...#
#......#######..
...#
#.#.##......$...
####
#.#...).o..... #
#.....###.!.


You could see 2 gnolls and a kobold.

Vanquished Creatures
  Menkaure (D:4)
  An ogre (D:3)
  An iguana (D:4)
  2 orc wizards (D:4)
  A gnoll (D:4)
  4 adders
  A dart slug (D:1)
  5 orcs (D:4)
  3 bats
  3 endoplasms
  4 giant cockroaches
  13 goblins
  7 hobgoblins
  8 jackals
  5 quokkas
  7 ball pythons
  3 frilled lizards
  A kobold (D:2)
  3 rats
73 creatures vanquished.

Notes
Turn   | Place    | Note
-------+----------+-------------------------------------------
     0 | D:1      | Dabor the Palentonga Berserker began the quest for the Orb.
     0 | D:1      | Reached XP level 1. HP: 19/19 MP: 1/1
   131 | D:1      | Found a faded altar of an unknown god.
   158 | D:1      | Reached XP level 2. HP: 20/25 MP: 2/2
   830 | D:2      | Reached ** piety under Trog
   831 | D:2      | Reached XP level 3. HP: 30/31 MP: 3/3
  1776 | D:3      | Reached XP level 4. HP: 38/38 MP: 4/4
  2343 | D:3      | Found an opulent altar of Gozag.
  2348 | D:3      | Found Gozag's Platinum Reserve.
  2483 | D:3      | Noticed an ogre
  2494 | D:3      | Killed an ogre
  2495 | D:3      | Reached skill level 4 in Fighting
  2495 | D:3      | Reached XP level 5. HP: 44/44 MP: 5/5
  2823 | D:4      | Noticed Menkaure
  2827 | D:4      | Killed Menkaure
  2828 | D:4      | Reached XP level 6. HP: 53/53 MP: 6/6
  2909 | D:4      | HP: 2/53 [gnoll/+0 halberd (9)]
  2910 | D:4      | Reached skill level 5 in Fighting
  2910 | D:4      | Slain by a gnoll

Illustrated notes

Levels and vault maps discovered:
D:1:      saegor_arrival_miasma, layout_loops_cross,
          ebering_ecumenical_altar_webs, hangedman_decor_clover_reticule,
          minmay_circled_x
D:2:      layout_loops_cross
D:3:      layout_loops_ring, nicolae_gozag_zags_fifth_avenue,
          minmay_misc_feat_four_crosses, chequers_hall_statues_y,
          amethyst_killhole, minmay_ogre_servants
D:4:      layout_basic, gammafunk_ghost_split, uniq_menkaure

Skill      XL: |  1  2  3  4  5  6 |
---------------+-------------------+-----
Armour         | 2 |  2.7
Dodging        | 2 |  2.8
Fighting       | 4 5 |  5.0
Axes           | 4 |  4.8

Action                   |  1- 3 |  4- 6 || total
-------------------------+-------+-------++-------
Melee: Hand axe          |    73 |    81 ||   154
       Tailslap          |    12 |     7 ||    19
       Punch             |     1 |       ||     1
Invok: Berserk           |       |     4 ||     4
       Trog's Hand       |       |     1 ||     1
 Abil: Rolling Charge    |    10 |     2 ||    12
  Use: Scroll            |       |     5 ||     5
       Potion            |       |     2 ||     2
Armor: Animal skin       |    12 |       ||    12
       Ring mail         |    17 |    33 ||    50
Dodge: Dodged            |    25 |    45 ||    70

Table legend: (Time is in decaauts)
 A = Elapsed time spent in this place.
 B = Non-inter-level travel time spent in this place.
 C = Inter-level travel time spent in this place.
 D = Time resting spent in this place.
 E = Time spent auto-exploring this place.
 F = Levels seen in this place.
 G = Mean time per level.
                   A        B        C        D        E       F      G
               +--------+--------+--------+--------+--------+-----+--------+
         Total |   2957 |   2813 |    144 |      0 |   2401 |   4 |  739.2 |
       Dungeon |   2957 |   2813 |    144 |      0 |   2401 |   4 |  739.2 |
               +--------+--------+--------+--------+--------+-----+--------+

Top non-repeatable levels by time:
     D:2: 974 daAuts
     D:3: 854 daAuts
     D:1: 795 daAuts
     D:4: 332 daAuts
